 Dungeon Crawl Stone Soup version 0.27.0-1-g7a089689b8 (webtiles) character file.

Game seed: 3305681628129223551

63 H0rd4k the Caller (level 4, -9/30 HPs)
             Began as a Barachi Summoner on Aug 6, 2021.
             Mangled by an iguana (11 damage)
             ... on level 3 of the Dungeon.
             The game lasted 00:05:56 (3753 turns).

H0rd4k the Caller (Barachi Summoner)                Turns: 3753, Time: 00:05:57

Health: -9/30      AC:  2    Str:  9    XL:     4   Next: 9%
Magic:  4/9        EV: 12    Int: 17    God:
Gold:   148        SH:  0    Dex: 12    Spells: 6/10 levels left

rFire    . . .     SeeInvis .   (no weapon)
rCold    . . .     Faith    .   (no shield)
rNeg     . . .     Spirit   .   a - +0 robe
rPois    .         Reflect  .   (no helmet)
rElec    .         Harm     .   (no cloak)
rCorr    .         Rampage  .   (no gloves)
Will     .....                  (no boots)
Stlth    +.........             (no amulet)
HPRegen  0.10/turn              (no ring)
MPRegen  0.11/turn              (no ring)

@: brilliant, silenced, unable to hop, attractive, flying, slow
A: amphibious, slowness 1, strong legs 1, +LOS
a: Hop


You were on level 3 of the Dungeon.
You visited 1 branch of the dungeon, and saw 4 of its levels.

You collected 148 gold pieces.

Inventory:

Armour
 a - a +0 robe (worn)
Wands
 g - a wand of iceblast (12)
Scrolls
 b - a scroll of enchant weapon
 e - a scroll of enchant armour {unknown}
 f - a scroll of blinking {unknown}
Potions
 h - a potion of degeneration {unknown}


   Skills:
 + Level 2.2 Dodging
 - Level 1.7 Stealth
 * Level 3.6 Spellcasting
 * Level 5.5 Summonings


You had 6 spell levels left.
You knew the following spells:

 Your Spells              Type           Power      Damage    Failure   Level
a - Summon Small Mammal   Summ           100%       N/A       1%          1
b - Call Canine Familiar  Summ           33%        N/A       4%          3

Your spell library contained the following spells:

 Spells                   Type           Power      Damage    Failure   Level
 Call Imp                 Summ           33%        N/A       2%          2
 Summon Guardian Golem    Hex/Summ       18%        N/A       16%         3
 Summon Lightning Spire   Summ/Air       18%        N/A       45%         4


Dungeon Overview and Level Annotations

Branches:
Dungeon (4/15)
 Temple: D:4-7

Altars:
Kikubaaqudgha


Innate Abilities, Weirdness & Mutations

You are amphibious.
You cover ground slowly.
You can hop short distances.
You have an extended range of vision and can be seen from far away.


Message History

Your bat closely misses the goblin.
The iguana closely misses you.
The goblin unwields a +0 hunting sling.
The goblin wields a +0 dagger.
The goblin closely misses your quokka.
You climb upwards.
Your summoned allies are left behind.
There is a stone staircase leading down here.
The iguana bites you!
* * * LOW HITPOINT WARNING * * *
Hop to where?
Press: ? - help, Dir - move target Boing!
As you read the scroll labelled FINOCK LE PODU, it crumbles to dust.
It is a scroll of enchant weapon.
You aren't carrying any weapons that can be enchanted.
The iguana barely misses you.
Casting: Summon Small Mammal (safe; 1% risk of failure)
Confirm with . or Enter, or press ? or * to list all spells.
You don't know that spell.
As you read the scroll labelled PYEWNE XOUSARU, it crumbles to dust.
A profound silence engulfs you.
It was a scroll of silence.
The iguana completely misses you.
Magic scrolls do not work when you're silenced!
Unknown command.
Magic scrolls do not work when you're silenced!
Unknown command.
Okay, then.
Unknown command.
It was a potion of flight.
You feel very buoyant.
You fly up into the air.
Your rat closely misses the iguana.
The iguana bites you.
* * * LOW HITPOINT WARNING * * *
It was a potion of brilliance.
You feel clever all of a sudden.
Your rat bites the iguana but does no damage.
The iguana bites you.
* * * LOW HITPOINT WARNING * * *
It was a potion of attraction.
You feel attractive to monsters.
Your rat bites the iguana.
The iguana bites you!
You die...

.######## ###.###
###......###### .#
#....# #....†.# ..
....#####>...# ###..###
### #..........# #..#
#######....#
##).########
#.>..######...........
#....##.......#######)
####rl#.......#
##@...####.#
##....##..######.
##.##.##.........
#####..##.##.........
###......##............
............†..÷.......
.......................
##...........#.........
#<....................


You could see an iguana (ally target) and a friendly rat (summoned).

Vanquished Creatures (collateral kills)
  An iguana (D:3)
  5 adders
  A worm (D:2)
  2 dart slugs (D:1)
  2 endoplasms
  A giant cockroach (D:2)
  3 hobgoblins (D:1)
  3 jackals (D:2)
  4 kobolds
  2 quokkas
  5 ball pythons
  3 bats
  5 frilled lizards
  3 rats
40 creatures vanquished.

Notes
Turn   | Place    | Note
-------+----------+-------------------------------------------
     0 | D:1      | H0rd4k the Barachi Summoner began the quest for the Orb.
     0 | D:1      | Reached XP level 1. HP: 13/13 MP: 3/3
   523 | D:1      | Reached skill level 5 in Summonings
   618 | D:1      | Reached XP level 2. HP: 19/19 MP: 1/5
  1074 | D:1      | Found a faded altar of an unknown god.
  2148 | D:2      | Reached XP level 3. HP: 6/24 MP: 3/7
  2152 | D:2      | Learned a level 3 spell: Call Canine Familiar
  3538 | D:3      | Found an ancient bone altar of Kikubaaqudgha.
  3559 | D:3      | Reached XP level 4. HP: 25/30 MP: 4/9
  3631 | D:3      | You fall into a shaft and drop 1 floor!
  3752 | D:3      | HP: 1/30 [iguana (1)]
  3753 | D:3      | Mangled by an iguana

Illustrated notes

Levels and vault maps discovered:
D:1:      kennysheep_arrival_seaside, layout_basic,
          hellmonk_ecumenical_altar_leap_of_faith, minmay_close_crescents
D:2:      layout_basic, minmay_misc_feat_x, minmay_misc_feat_chi
D:3:      layout_rooms, nicolae_kikubaaqudgha_miasma_corner, uniq_grinder
D:4:      layout_loops_cross, hex_large, uniq_pikel

Skill      XL: |  1  2 |
---------------+-------+-----
Summonings     | 5 |  5.5
Spellcasting   | 3 |  3.6
Dodging        | |  2.2
Stealth        | |  1.7

Action                   |  1- 3 |  4- 6 || total
-------------------------+-------+-------++-------
Melee: Unarmed           |     1 |       ||     1
 Cast: Summon Small Mamm |   136 |     8 ||   144
 Abil: Hop               |       |     1 ||     1
  Use: Potion            |       |     3 ||     3
       Scroll            |       |     2 ||     2
Armor: Robe              |    14 |     1 ||    15
Dodge: Dodged            |    74 |     7 ||    81
